AoeStats
← _STICH_32

Fortress

510342447Analyzed
1v1 RM · 1d ago on Sep 30, 2026· 57m 34s· 2 players
Game mode
Random Map
Map size
Small (3 player)
Population
200
Speed
Normal
Resources
Standard
Victory
Conquest
Starting age
Dark Age
Ending age
Imperial Age
RankedLock teamsTeams togetherTeam positionsShared explorationLock speedFull tech treeHidden civsTurbo modeCheats
Victory
Defeat
🇰🇿 Malians · Kazakhstan
654
+14
🇦🇷 Cumans · Argentina
606
-14
TheMandalorian
7:09 Loom
9:07 Feudal Age
13:43 Castle Age
12:47 Bloodlines
13:38 Double-Bit Axe
13:34 Man-at-Arms
15:14 Capped Ram
17:38 Squires
18:52 Scale Barding Armor
24:12 Wheelbarrow
24:32 Steppe Husbandry
24:45 Steppe Husbandry
24:47 Horse Collar
25:52 Forging
26:40 Bow Saw
26:55 Padded Archer Armor
28:37 Light Cavalry
30:02 Iron Casting
29:19 Fletching
29:57 Hand Cart
29:47 Gold Mining
29:39 Long Swordsman
31:39 Bodkin Arrow
34:00 Chain Barding Armor
33:56 Leather Archer Armor
35:41 Thumb Ring
36:35 Heavy Plow
37:09 Scale Mail Armor
37:43 Ballistics
40:22 Imperial Age
40:24 Gold Shaft Mining
41:25 Heavy Cavalry Archer
42:32 Parthian Tactics
42:58 Ring Archer Armor
43:05 Plate Barding Armor
44:56 Blast Furnace
44:13 Chain Mail Armor
43:35 Two-Handed Swordsman
45:24 Champion
45:50 Arson
49:45 Elite Kipchak
50:26 Cuman Mercenaries
50:49 Conscription
51:05 Hoardings
57:29 Chemistry
_STICH_32
7:44 Feudal Age
14:22 Castle Age
12:36 Horse Collar
12:43 Double-Bit Axe
19:10 Heavy Plow
19:36 Bow Saw
21:22 Bloodlines
20:34 Light Cavalry
21:15 Husbandry
22:05 Loom
24:31 Gold Mining
24:13 Pikeman
27:14 Gold Shaft Mining
26:31 Stone Mining
29:04 Ballistics
28:38 Elite Skirmisher
30:55 Wheelbarrow
30:06 Town Watch
31:35 Fletching
31:47 Padded Archer Armor
31:48 Scale Mail Armor
32:03 Forging
36:40 Imperial Age
34:52 Husbandry
37:12 Squires
37:12 Bodkin Arrow
37:52 Iron Casting
37:32 Chain Mail Armor
38:45 Chemistry
39:03 Hand Cart
39:11 Conscription
40:07 Farimba
41:41 Stone Shaft Mining
42:07 Crop Rotation
42:15 Elite Gbeto
43:49 Town Patrol
46:08 Chain Mail Armor
45:59 Scale Barding Armor
46:09 Leather Archer Armor
51:01 Treadmill Crane
51:55 Ring Archer Armor
51:56 Plate Mail Armor
51:46 Chain Barding Armor
Connection lost

Rejoining the realm…

Still unreachable

The connection could not be restored.

Session expired

The server has moved on; the page needs a fresh start.